 Dungeon Crawl Stone Soup version 0.20.1-1-g8b1a95d (webtiles) character file.

5262 Reeggar the Cleaver (level 10, -5/92 HPs)
             Began as a Deep Dwarf Fighter on Oct 15, 2017.
             Was an Initiate of Gozag.
             Slain by a two-headed ogre
             ... wielding a +0 giant spiked club
              (17 damage)
             ... on level 9 of the Dungeon on Oct 16, 2017.
             The game lasted 01:00:04 (11673 turns).

Reeggar the Cleaver (Deep Dwarf Fighter)           Turns: 11673, Time: 01:00:04

Health: -5/92      AC: 15    Str: 24    XL:     10   Next: 36%
Magic:  1/1        EV:  6    Int:  8    God:    Gozag
Gold:   565        SH: 11    Dex: 12    Spells: 6/9 levels left

rFire    . . .     SeeInvis .   a - +1 war axe
rCold    + . .     Gourm    .   c - +0 shield
rNeg     . . .     Faith    .   l - +0 plate armour {rPois}
rPois    +         Spirit   .   (no helmet)
rElec    .         Reflect  .   (no cloak)
rCorr    .         Harm     .   (no gloves)
MR       +....                  n - +1 pair of boots
Stlth    ..........             (no amulet)
Regen    0.0/turn               A - ring of ice
MPRegen  0.1/turn               u - ring of protection from fire

@: gold aura, very slightly contaminated, non-regenerating, invisible
A: damage resistance, heal wounds, sense surroundings 2, no regeneration
a: Heal Wounds, Potion Petition, Call Merchant, Bribe Branch, Renounce Religion


You were on level 9 of the Dungeon.
You worshipped Gozag.
Gozag was pleased with you.
You were not hungry.

You visited 1 branch of the dungeon, and saw 9 of its levels.

You collected 1413 gold pieces.
You spent 820 gold pieces at shops.
You paid 28 gold pieces to Gozag.

Inventory:

Hand Weapons
 a - a +1 war axe (weapon)
 t - a +1 spear of venom
Armour
 c - a +0 shield (worn)
 l - a +0 plate armour of poison resistance (worn)
 n - a +1 pair of boots (worn)
Jewellery
 u - a ring of protection from fire (right hand)
 v - an uncursed amulet of magic regeneration
 A - a ring of ice (left hand)
Wands
 h - a wand of random effects (23/48)
 y - a wand of acid (5/15)
 z - a wand of enslavement (12/24)
Scrolls
 b - a scroll of recharging
 e - a scroll of immolation
 p - a scroll of teleportation
Potions
 g - a potion of brilliance
 m - 3 potions of degeneration {unknown}
 r - a potion of cancellation {unknown}
 s - 2 potions of curing {unknown}
 w - a potion of resistance {unknown}
Books
 k - a book of Necromancy

   Spells                             Type                      Level
   a - Pain                           Necromancy                   1
   b - Animate Skeleton               Necromancy                   1
   c - Vampiric Draining              Necromancy                   3
   d - Regeneration                   Charms/Necromancy            3
   e - Animate Dead                   Necromancy                   4
   f - Control Undead                 Necromancy                   4
Comestibles
 f - a bread ration
 o - 3 fruits
 q - 3 royal jellies
 x - a meat ration


   Skills:
 + Level 6.3 Fighting
 + Level 11.1 Axes
 + Level 7.7 Armour
 + Level 2.2 Dodging
 + Level 2.2 Stealth
 + Level 8.3 Shields


You had 6 spell levels left.
You knew the following spells:

 Your Spells              Type           Power        Failure   Level  Hunger
a - Vampiric Draining     Necr           #.........   100%        3    ####...


Dungeon Overview and Level Annotations

Branches:
Dungeon (9/15)             Temple (0/1) D:5
   Lair: D:8-11         Orc: D:9-12

Altars:
Cheibriados
Fedhas
Gozag
Makhleb
Uskayaw
Yredelemnul

Shops:
D:3 *   D:4 [   D:5 (   D:6 ((


Innate Abilities, Weirdness & Mutations

You are resistant to damage.
You can heal yourself by infusing magical energy.
You passively map the area around you.
You do not regenerate.


Message History

You block the howler monkey's attack.
A two-headed ogre comes into view.
It is wielding a giant spiked club and a giant club.
You hit the howler monkey.
The howler monkey is moderately wounded.
You block the howler monkey's attack. x2
You slash the howler monkey!
You kill the howler monkey!
The two-headed ogre hits you with a giant spiked club!!
* * * LOW HITPOINT WARNING * * *
The two-headed ogre hits you with a giant club.
You see here 6 gold pieces.
You fade into invisibility!
You are very lightly contaminated with residual magic.
You see here 6 gold pieces.
You hit the two-headed ogre.
The two-headed ogre is lightly wounded.
The two-headed ogre closely misses you.
The two-headed ogre hits you with a giant club!!
You die...
Your body crumbles into a pile of gold.

### *...# ,
#.###...# ,
#<.#....#*#.,
,
##.#...##...
, ##.........
, , #......##
, , ##....###
, ####...###
, ##.#.@### ,
, #...O## * ,
#..h## ###.#
* , #.#* *,,
* , ,, #h#, ,
,* * ,, #..,
, *#.. , * ,
, ..., , ,,


You could see a two-headed ogre and a howler monkey.

Vanquished Creatures
  A two-headed ogre (D:8)
  The ghost of frotz the Ducker, a novice TrWz (D:5)
  Psyche (D:8)
  A centaur skeleton (D:8)
  The ghost of Rozenbaumfricks the Shield-Bearer, an amateur DsFi (D:6)
  Grinder (D:3)
  A hippogriff (D:8)
  2 ice beasts
  A sky beast (D:8)
  3 necrophages (D:7)
  An orc warrior (D:6)
  4 phantoms
  2 ogres
  4 centaurs
  A gnoll sergeant (D:7)
  4 bullfrogs
  3 howler monkeys
  2 crimson imps
  2 centaur zombies
  A bullfrog zombie (D:7)
  7 hounds
  A bullfrog skeleton (D:4)
  4 orc priests
  2 jellies
  Natasha (thrice) (D:3)
  7 worker ants
  4 orc wizards
  2 hound skeletons (D:7)
  2 worker ant zombies
  4 gnolls (D:7)
  14 adders
  A shadow imp (D:7)
  2 oozes
  2 adder zombies
  7 worms
  3 dart slugs
  6 leopard geckos
  21 orcs
  7 giant cockroaches
  7 goblins
  5 hobgoblins
  7 jackals
  11 kobolds
  5 quokkas
  A ball python (D:2)
  4 bats
  7 frilled lizards
  5 rats
  2 bushes (D:7)
  2 plants (D:7)
192 creatures vanquished.

Vanquished Creatures (others)
  An orc wizard (D:7)
  3 plants (D:7)
4 creatures vanquished.

Grand Total: 196 creatures vanquished

Notes
Turn   | Place    | Note
-------+----------+-------------------------------------------
     0 | D:1      | Reeggar the Deep Dwarf Fighter began the quest for the Orb.
     0 | D:1      | Reached XP level 1. HP: 20/20 MP: 1/1
   177 | D:1      | Reached XP level 2. HP: 25/27 MP: 2/2
   605 | D:1      | Reached XP level 3. HP: 34/34 MP: 3/3
   970 | D:2      | Reached skill level 3 in Axes
  1405 | D:2      | Reached XP level 4. HP: 41/42 MP: 4/4
  2261 | D:3      | Noticed Grinder
  2281 | D:3      | Paralysed by Grinder for 5 turns
  2298 | D:3      | Killed Grinder
  2298 | D:3      | Reached skill level 4 in Axes
  2298 | D:3      | Reached XP level 5. HP: 16/50 MP: 4/4
  2298 | D:3      | Reached XP level 6. HP: 18/57 MP: 5/5
  2318 | D:3      | Noticed Natasha
  2333 | D:3      | Killed Natasha
  2355 | D:3      | Found an opulent altar of Gozag.
  2355 | D:3      | Found Gozag's Platinum Reserve.
  2377 | D:3      | Became a worshipper of Gozag Ym Sagoz the Greedy
  2560 | D:3      | Reached skill level 5 in Axes
  2640 | D:3      | Noticed Natasha
  2656 | D:3      | Killed Natasha
  2860 | D:3      | Noticed Natasha
  2866 | D:3      | Killed Natasha
  3137 | D:4      | Reached XP level 7. HP: 57/64 MP: 5/5
  3178 | D:4      | Found Heukomye's Antique Armour Boutique.
  3222 | D:4      | Reached skill level 1 in Dodging
  4152 | D:5      | Entered Level 5 of the Dungeon
  4409 | D:5      | Found Ranaeg's Weapon Boutique.
  4468 | D:5      | Reached skill level 6 in Axes
  4468 | D:5      | Reached skill level 5 in Armour
  4468 | D:5      | Reached skill level 5 in Shields
  4881 | D:5      | Noticed frotz's ghost (novice TrWz)
  4928 | D:5      | Killed frotz's ghost
  4928 | D:5      | Reached skill level 7 in Axes
  4928 | D:5      | Reached XP level 8. HP: 36/73 MP: 2/2
  5648 | D:5      | Found a staircase to the Ecumenical Temple.
  5688 | D:5      | Found a basalt altar of Yredelemnul.
  6680 | D:4      | Reached skill level 5 in Fighting
  7144 | D:2      | Reached skill level 8 in Axes
  8465 | D:4      | Bought a runed plate armour for 624 gold pieces
  8787 | D:6      | Found Jamebeiz's Weapon Shoppe.
  8835 | D:6      | Noticed Rozenbaumfricks's ghost (amateur DsFi)
  8846 | D:6      | Killed Rozenbaumfricks's ghost
  9083 | D:6      | Gained mutation: You passively map the area around you. [Deep Dwarf growth]
  9083 | D:6      | Reached XP level 9. HP: 47/81 MP: 1/1
  9116 | D:6      | Found a snail-covered altar of Cheibriados.
  9258 | D:6      | Found Jompui's Antique Weapon Boutique.
  9369 | D:6      | Bought a glowing halberd for 196 gold pieces
  9974 | D:7      | Reached skill level 1 in Stealth
  9983 | D:7      | Reached skill level 9 in Axes
 10038 | D:7      | Found a burning altar of Makhleb.
 10509 | D:7      | Learned a level 3 spell: Vampiric Draining
 10593 | D:7      | Found a blossoming altar of Fedhas.
 10986 | D:8      | Reached skill level 10 in Axes
 11034 | D:8      | Noticed Psyche
 11051 | D:8      | Killed Psyche
 11109 | D:8      | Reached XP level 10. HP: 44/91 MP: 1/1
 11181 | D:8      | Noticed a two-headed ogre
 11198 | D:8      | Killed a two-headed ogre
 11340 | D:8      | Noticed a hand axe
 11340 | D:8      | Noticed a hand axe
 11341 | D:8      | Found a hide-covered altar of Uskayaw.
 11354 | D:8      | Reached skill level 11 in Axes
 11667 | D:9      | Noticed a two-headed ogre
 11673 | D:9      | Slain by a two-headed ogre

Skill      XL: |  1  2  3  4  5  6  7  8  9 10 |
---------------+-------------------------------+-----
Fighting       | 3 4 5 6 |  6.3
Axes           | 3 4 5 7 8 10 11 | 11.1
Shields        | 4 5 6 7 8 |  8.3
Armour         | 4 5 6 7 |  7.7
Dodging        | 1 2 |  2.2
Stealth        | 2 |  2.2

Action                   |  1- 3 |  4- 6 |  7- 9 | 10-12 || total
-------------------------+-------+-------+-------+-------++-------
Melee: War axe           |    75 |   181 |   558 |    44 ||   858
 Abil: Heal Wounds       |     3 |    10 |    14 |     2 ||    29
  Use: Scroll            |       |    10 |    10 |     1 ||    21
       Potion            |       |       |     9 |     4 ||    13
 Stab: Distracted        |       |     1 |     3 |       ||     4
  Eat: Bread ration      |     1 |     1 |     6 |       ||     8
Armor: Scale mail        |    37 |       |       |       ||    37
       Chain mail        |    18 |   105 |   104 |       ||   227
       Plate armour      |       |       |   143 |    11 ||   154
Dodge: Dodged            |    24 |    38 |   105 |     8 ||   175
Block: Shield            |    49 |   109 |   249 |    26 ||   433
